 Dungeon Crawl Stone Soup version 0.20.0-8-g6b59dc7 (webtiles) character file.

2850 shpingle the Spear-Bearer (level 10, -7/70 HPs)
             Began as a Human Artificer on June 1, 2017.
             Was an Elder of Okawaru.
             Mangled by a yak (13 damage)
             ... on level 6 of the Dungeon.
             The game lasted 00:34:32 (10600 turns).

shpingle the Spear-Bearer (Human Artificer)        Turns: 10600, Time: 00:34:32

Health: -7/70      AC:  4    Str: 14    XL:     10   Next: 4%
Magic:  14/14      EV: 15    Int: 12    God:    Okawaru [****..]
Gold:   275        SH:  0    Dex: 17    Spells: 10/14 levels left

rFire    + + .     SeeInvis +   a - +1 halberd
rCold    + . .     Gourm    .   (shield currently unavailable)
rNeg     . . .     Faith    .   O - +2 robe of Kaogidgho {SInv}
rPois    .         Spirit   .   (no helmet)
rElec    .         Reflect  .   j - scarf {rC+ rF+}
rCorr    .         Harm     .   (no gloves)
MR       +....                  (no boots)
Stlth    ++........             (no amulet)
Regen    0.3/turn               t - ring of protection from fire
MPRegen  0.2/turn               l - +2 ring of dexterity

@: very slightly contaminated
A: magic resistance 1, sense surroundings 1
a: Heroism, Renounce Religion


You were on level 6 of the Dungeon.
You worshipped Okawaru.
Okawaru was greatly pleased with you.
You were not hungry.

You visited 2 branches of the dungeon, and saw 8 of its levels.
You also visited: Sewer and Ossuary.

You collected 506 gold pieces.
You spent 231 gold pieces at shops.

Inventory:

Hand Weapons
 a - a +1 halberd (weapon)
 y - a +0 hunting sling
 F - a +1 short sword
 Y - a +2 quarterstaff of chaos
Missiles
 m - 290 stones (quivered)
 r - 5 bolts
 s - 100 sling bullets
 A - 2 throwing nets
 J - 15 poisoned needles
 L - 11 tomahawks
 V - 64 arrows
Armour
 b - a +0 leather armour
 j - a scarf of resistance (worn)
 o - a +0 scale mail
 O - the +2 robe of Kaogidgho (worn) {SInv}
   (You found it on level 4 of the Dungeon)

   It lets you see invisible.
 Z - a +1 cloak
Magical Staves
 w - an uncursed staff of fire
 T - an uncursed staff of conjuration
Jewellery
 l - a +2 ring of dexterity (right hand)
 t - a ring of protection from fire (left hand)
Wands
 c - a wand of flame (0/48)
 d - a wand of enslavement (11/24)
 e - a wand of random effects (10/48)
 B - a wand of digging (3/24)
 G - a wand of confusion (26/48)
 K - a wand of confusion (15/48)
 W - a wand of lightning (0/15)
Scrolls
 i - 3 scrolls of remove curse
 k - 3 scrolls of immolation
 n - a scroll of amnesia
 p - a scroll of fog {unknown}
 q - 4 scrolls of fear
 u - 3 scrolls of blinking
 v - a scroll of silence {unknown}
 x - a scroll of vulnerability {unknown}
 M - a scroll of magic mapping {unknown}
 N - a scroll of random uselessness {unknown}
 Q - 6 scrolls of enchant weapon
 R - a scroll of teleportation {unknown}
Potions
 D - a potion of haste
 H - a potion of mutation
 S - 2 potions of brilliance
 X - 2 potions of heal wounds
Books
 E - a book of Burglary

   Spells                             Type                      Level
   a - Swiftness                      Charms/Air                   2
   b - Passwall                       Transmutation/Earth          2
   c - Passage of Golubria            Translocation                4
   d - Lee's Rapid Deconstruction     Earth                        5
   e - Darkness                       Hexes                        6
   f - Invisibility                   Hexes                        6
Miscellaneous
 I - a phantom mirror
Comestibles
 f - 4 bread rations
 z - a chunk of flesh
 P - a royal jelly
 U - 5 fruits


   Skills:
 - Level 3.0 Fighting
 - Level 1.0 Short Blades
 * Level 10.0 Polearms
 - Level 3.0 Armour
 + Level 5.3 Dodging
 - Level 1.0 Stealth
 + Level 2.7 Spellcasting
 + Level 3.6 Earth Magic
 - Level 3.0 Evocations


You had 10 spell levels left.
You knew the following spells:

 Your Spells              Type           Power        Failure   Level  Hunger
a - Passwall              Tmut/Erth      #.........   19%         2    ###....
b - Swiftness             Chrm/Air       #.......     36%         2    ###....


Dungeon Overview and Level Annotations

Branches:
Dungeon (7/15)             Temple (1/1) D:4

Altars:
Cheibriados
Dithmenos
Nemelex Xobeh
Okawaru
Qazlal
Sif Muna
Yredelemnul
Zin
The Shining One

Shops:
D:6 *


Innate Abilities, Weirdness & Mutations

You are resistant to hostile enchantments. (MR+)
You passively map a small area around you.


Message History

The phantom blinks!
There is a stone staircase leading up here.
The yak misses you.
You climb upwards.
There is a stone staircase leading down here.
You hit the yak.
The yak is lightly wounded.
The yak completely misses you.
You slash the yak!
The yak is heavily wounded.
The yak gores you!!
* * * LOW HITPOINT WARNING * * *
You take 18 damage, and have 6/70 hp.
MASSIVE DAMAGE!!
You barely miss the yak.
The yak is heavily wounded.
The yak completely misses you.
You puncture the yak!
The yak is severely wounded.
The yak gores you!
You die... ███████

█.....█
█.███.█████████████
█.███.............███
██.█Y@................
██.......██████████.███
█........█ █.█ █
█........██████████.█ █
█.█.█....██.........█ █
█.█.█.......8.......█
█.█.█...............███
█.█.█.....8...8........
█.█.█...............███


You could see a yak.

Vanquished Creatures
  The ghost of Jynri the Spear-Bearer, a novice DgGl (Ossuary)
  A spriggan (D:7)
  Menkaure (Ossuary)
  An ice beast (D:7)
  A phantom (D:5)
  2 ogres
  A crocodile (Sewer)
  A big kobold (D:6)
  3 bullfrogs
  A gnoll sergeant (D:6)
  A water moccasin skeleton (D:4)
  3 killer bees (D:7)
  3 electric eels (D:6)
  A howler monkey (D:6)
  A centaur zombie (D:5)
  4 hounds
  Crazy Yiuf (D:5)
  An orc priest (D:5)
  2 centaur skeletons (D:5)
  2 bullfrog skeletons
  An iguana (D:4)
  3 orc wizards
  7 worker ants
  2 mummies (Ossuary)
  A worker ant zombie (D:5)
  19 gnolls (D:6)
  A howler monkey skeleton (D:5)
  6 adders
  3 shadow imps
  3 oozes
  An adder skeleton (D:6)
  2 worms
  3 leopard geckos
  9 orcs
  A ball python (D:4)
  4 bats
  10 giant cockroaches
  3 gnoll zombies (Ossuary)
  33 goblins
  26 hobgoblins
  11 jackals
  5 kobolds
  7 quokkas
  5 frilled lizards
  A goblin skeleton (Ossuary)
  A goblin zombie (Ossuary)
  A hobgoblin zombie (Ossuary)
  A jackal skeleton (D:6)
  A kobold skeleton (Ossuary)
  3 kobold zombies (Ossuary)
  A leopard gecko skeleton (D:4)
  A leopard gecko zombie (D:5)
  2 orc zombies (Ossuary)
  A quokka skeleton (D:5)
  2 rats
  2 rat skeletons (Ossuary)
  4 rat zombies (Ossuary)
  A spectral orc (D:4)
220 creatures vanquished.

Vanquished Creatures (collateral kills)
  3 orcs (D:6)
  2 giant cockroaches (D:3)
  2 hobgoblins (D:6)
  A kobold (D:3)
  A rat (D:3)
9 creatures vanquished.

Vanquished Creatures (others)
  An orc warrior (D:6)
  A mummy (Ossuary)
  A gnoll skeleton (Ossuary)
  A gnoll zombie (Ossuary)
  6 goblin skeletons (Ossuary)
  2 hobgoblin skeletons (Ossuary)
  3 hobgoblin zombies (Ossuary)
  6 kobold skeletons (Ossuary)
  A kobold zombie (Ossuary)
  3 orc skeletons (Ossuary)
  4 orc zombies (Ossuary)
  3 rat skeletons (Ossuary)
  2 rat zombies (Ossuary)
34 creatures vanquished.

Grand Total: 263 creatures vanquished

Notes
Turn   | Place    | Note
-------+----------+-------------------------------------------
     0 | D:1      | shpingle the Human Artificer began the quest for the Orb.
     0 | D:1      | Reached XP level 1. HP: 15/15 MP: 3/3
    73 | D:1      | Noticed a troll
   227 | D:1      | Reached XP level 2. HP: 10/21 MP: 4/4
  1102 | D:2      | Reached XP level 3. HP: 27/27 MP: 5/5
  1431 | D:2      | Found a shadowy altar of Dithmenos.
  1778 | D:3      | Found a sparkling altar of Nemelex Xobeh.
  1785 | D:3      | Reached XP level 4. HP: 29/33 MP: 6/6
  1790 | D:3      | Noticed a fire elemental
  1792 | D:3      | Found a stormy altar of Qazlal.
  1793 | D:3      | Noticed an air elemental
  1793 | D:3      | Noticed an earth elemental
  1793 | D:3      | Noticed a water elemental
  1842 | D:3      | Found a faded altar of an unknown god.
  1847 | D:3      | Became a worshipper of Warmaster Okawaru
  1847 | D:3      | Reached * piety under Okawaru
  1953 | D:3      | Found a glowing drain.
  1966 | D:3      | Reached skill level 3 in Dodging
  1989 | Sewer    | Entered a sewer
  2171 | Sewer    | Noticed a crocodile
  2173 | Sewer    | Killed a crocodile
  2173 | Sewer    | Reached skill level 3 in Fighting
  2173 | Sewer    | Reached XP level 5. HP: 41/41 MP: 7/7
  2740 | D:4      | Reached skill level 1 in Polearms
  2744 | D:4      | Reached XP level 6. HP: 23/47 MP: 8/8
  2988 | D:4      | Reached skill level 2 in Polearms
  3224 | D:4      | Noticed a phantom
  3235 | D:4      | Found a staircase to the Ecumenical Temple.
  3243 | D:4      | Got a colourful robe
  3262 | Temple   | Entered the Ecumenical Temple
  3281 | D:4      | Gained mutation: You are clumsy. (Dex -2) [potion of mutation]
  3281 | D:4      | Gained mutation: You have sharp toenails. [potion of mutation]
  3281 | D:4      | Gained mutation: Your flesh is heat resistant. (rF+) [potion of mutation]
  3285 | D:4      | Reached ** piety under Okawaru
  3285 | D:4      | Reached skill level 3 in Armour
  3607 | D:4      | Found a glowing silver altar of Zin.
  3673 | D:4      | Identified the +2 robe of Kaogidgho {SInv} (You found it on level 4 of the Dungeon)
  3714 | D:4      | Found a basalt altar of Yredelemnul.
  4090 | D:5      | Entered Level 5 of the Dungeon
  4095 | D:5      | Reached skill level 3 in Polearms
  4095 | D:5      | Reached XP level 7. HP: 42/52 MP: 9/9
  4427 | D:5      | Reached skill level 4 in Polearms
  5030 | D:5      | Found a deep blue altar of Sif Muna.
  5242 | D:4      | Learned a level 2 spell: Passwall
  5245 | D:4      | Learned a level 2 spell: Swiftness
  5408 | D:5      | Found a shadowy altar of Dithmenos.
  5453 | D:5      | Reached skill level 5 in Polearms
  5557 | D:5      | Found a runed door.
  5712 | D:5      | Reached skill level 6 in Polearms
  5712 | D:5      | Reached XP level 8. HP: 58/58 MP: 10/10
  5915 | D:5      | Noticed Crazy Yiuf
  5918 | D:5      | Killed Crazy Yiuf
  5998 | D:6      | Found Essannam's Assorted Antiques.
  6007 | D:6      | Bought a scroll labeled MOLEDU TICOF for 26 gold pieces
  6007 | D:6      | Bought a silvery potion for 23 gold pieces
  6007 | D:6      | Bought a scroll labeled WEIPY RE PUO for 26 gold pieces
  6007 | D:6      | Bought a scroll of identify for 52 gold pieces
  6007 | D:6      | Bought a bone wand for 104 gold pieces
  6185 | D:6      | Found a sand-covered staircase.
  6191 | Ossuary  | Entered an ossuary
  6280 | Ossuary  | Noticed Jynri's ghost (novice DgGl)
  6285 | Ossuary  | Reached skill level 7 in Polearms
  6334 | Ossuary  | Killed Jynri's ghost
  6334 | Ossuary  | Reached *** piety under Okawaru
  6334 | Ossuary  | Reached skill level 8 in Polearms
  6334 | Ossuary  | Reached XP level 9. HP: 18/63 MP: 11/11
  6817 | Ossuary  | Noticed Menkaure
  6827 | Ossuary  | Killed Menkaure
  7379 | D:6      | Reached skill level 9 in Polearms
  7546 | D:6      | Reached **** piety under Okawaru
  7944 | D:6      | HP: 1/63 [worker ant (7)]
 10255 | D:6      | Lost mutation: You have sharp toenails. [potion of mutation]
 10255 | D:6      | Lost mutation: You are clumsy. (Dex -2) [potion of mutation]
 10255 | D:6      | Lost mutation: Your flesh is heat resistant. (rF+) [potion of mutation]
 10255 | D:6      | Gained mutation: You passively map a small area around you. [potion of mutation]
 10255 | D:6      | Gained mutation: You are resistant to hostile enchantments. (MR+) [potion of mutation]
 10488 | D:7      | Reached skill level 3 in Earth Magic
 10517 | D:7      | HP: 2/63 [spriggan baker/dagger (2)]
 10566 | D:7      | Reached XP level 10. HP: 36/70 MP: 12/14
 10576 | D:7      | Found a snail-covered altar of Cheibriados.
 10584 | D:7      | Reached skill level 10 in Polearms
 10600 | D:6      | Mangled by a yak

Skill      XL: |  1  2  3  4  5  6  7  8  9 10 |
---------------+-------------------------------+-----
Armour         | 1 2 3 |  3.0
Fighting       | 2 3 |  3.0
Dodging        | 3 5 |  5.3
Polearms       | 1 3 6 8 9 10 | 10.0
Spellcasting   | 2 |  2.7
Earth Magic    | 3 |  3.6
Short Blades   | |  1.0
Stealth        | |  1.0
Evocations     | |  3.0

Action                   |  1- 3 |  4- 6 |  7- 9 | 10-12 || total
-------------------------+-------+-------+-------+-------++-------
Melee: Short sword       |   111 |    38 |       |       ||   149
       Halberd           |       |   120 |   462 |    13 ||   595
       Kick              |       |     7 |    68 |       ||    75
       Quarterstaff      |       |       |    57 |       ||    57
Throw: Stone             |     6 |     6 |   209 |     4 ||   225
       Tomahawk          |       |       |    14 |       ||    14
Invok: Heroism           |       |       |     4 |       ||     4
Evoke: Wand              |     1 |     6 |    22 |       ||    29
  Use: Scroll            |     6 |     3 |     4 |       ||    13
       Potion            |       |     5 |    13 |       ||    18
 Stab: Sleeping          |       |     2 |       |       ||     2
       Paralysed         |       |       |     1 |       ||     1
       Invisible         |       |       |     3 |       ||     3
  Eat: Chunk             |     2 |     1 |    10 |       ||    13
       Bread ration      |       |     1 |     1 |       ||     2
       Meat ration       |       |     1 |     1 |       ||     2
Armor: Leather armour    |    17 |       |       |       ||    17
       Scale mail        |    23 |    52 |       |       ||    75
       Skin              |       |    40 |    11 |       ||    51
       Robe              |       |     4 |    63 |     1 ||    68
Dodge: Dodged            |    71 |    91 |   303 |     7 ||   472
